Unix NetHack Version 5.0.0-0 post-release - last build Jun 10 2026 00:39:30 (3ee93aec679c4c4259841fe613dc97188e26a321,branch:main).

Game began 2026-06-21 13:55:16, ended 2026-06-21 21:15:55.

Eymerich, chaotic male elven Priest

                                                     G

                                                        ...
                                                       .)..
                                                       ..@.
                                                       ..).
                                                        ...

Eymerich the Acolyte         St:14 Dx:13 Co:10 In:10 Wi:20 Ch:12  Chaotic
Dlvl:5  $:0  HP:0(36) Pw:97(97) AC:4  Xp:5 T:2789 

Latest messages:
 The dwarf misses!
 You miss the dwarf.
 The dwarf swings his broad pick.
 The dwarf misses!
 You miss the dwarf.
 You miss the dwarf.
 The dwarf throws a dagger!
 The dagger hits the dwarf.
 The dwarf is killed!
 The dwarf picks up a blessed dagger.
 You hit the dwarf.
 You kill the dwarf!
 Welcome to experience level 5.
 You are beginning to feel hungry.
 The dwarf picks up a pair of hard shoes.
 You miss the dwarf.
 The gnome lord shoots 2 crossbow bolts!
 The 1st crossbow bolt misses the dwarf.
 You are hit by the 1st crossbow bolt.
 The 2nd crossbow bolt misses the dwarf.
 You are hit by the 2nd crossbow bolt.
 You hit the dwarf!
 The dwarf hits!
 The gnome lord shoots 3 crossbow bolts!
 The 1st crossbow bolt misses the dwarf.
 You are almost hit by the 1st crossbow bolt.
 The 2nd crossbow bolt hits the dwarf!
 The dwarf is killed!
 You are hit by the 3rd crossbow bolt!
 There are many objects here.
 What do you want to use or apply? [g-impMO or ?*]
 Improvise? [ynq] (q)
 You start playing your tooled horn.
 You produce a frightful, grave sound.
 The gnome lord turns to flee.
 There is a dwarf corpse here; eat it? [ynq] (n)
 This dwarf corpse is fatty.
 The gnome lord shoots 2 crossbow bolts!
 You are almost hit by the 1st crossbow bolt.
 You stop eating the dwarf corpse.
 You are hit by the 2nd crossbow bolt!
 Elf, your life force is running out.
 In what direction?
 The dart hits the gnome lord.
 In what direction?
 The dart hits the gnome lord.
 The gnome lord shoots a crossbow bolt!
 You are hit by a crossbow bolt!
 You die...
 Do you want your possessions identified? [ynq] (y)

Inventory:
 Weapons  (')')
  l - 9 +0 elven arrows
  q - 6 +0 orcish arrows
  J - 7 +0 darts (at the ready)
  P - a corroded +0 dart
  a - a blessed +1 mace (weapon in right hand)
 Armor    ('[')
  C - a +0 elven leather helm (being worn)
  y - a +0 pair of leather gloves (being worn)
  D - a blessed +0 pair of kicking boots (being worn)
  w - a blessed +2 leather cloak (being worn)
  b - a +0 robe
 Comestibles  ('%')
  e - a clove of garlic
  Q - a cram ration
  t - a fortune cookie
  f - a sprig of wolfsbane
  k - 2 lichen corpses
 Scrolls  ('?')
  N - a scroll of confuse monster
  n - a scroll of identify
  u - a blessed scroll of light
  j - a scroll of light
 Spellbooks  ('+')
  O - a spellbook of confuse monster
  h - a spellbook of detect food
  g - a spellbook of detect monsters
 Potions  ('!')
  L - a potion of hallucination
  d - 4 potions of holy water
 Rings    ('=')
  r - a ring of levitation
  G - a ring of poison resistance
 Tools    ('(')
  m - a drum of earthquake (0:4)
  i - a tooled horn
  M - a magic whistle
  p - a tin whistle
 Gems/Stones  ('*')
  s - a worthless piece of orange glass named soft

Eymerich the Priest's attributes:

Background:
 You were an Acolyte, a level 5 elven Priest.
 You were chaotic, on a mission for Offler
 who was opposed by Blind Io (lawful) and The Lady (neutral).
 You were right-handed.
 You were in the Gnomish Mines, on level 5.
 You entered the dungeon 2789 turns ago.
 You had 165 experience points, 155 more were needed to attain level 6.

Basics:
 You had 0 out of 36 hit points.
 You had all 97 energy points (spell power).
 Your armor class was 4.
 Your wallet was empty.
 Autopickup was off.

Final Characteristics:
 Your strength was 14 (limit:18).
 Your dexterity was 13 (limit:18).
 Your constitution was 10 (limit:16).
 Your intelligence was 10 (limit:20).
 Your wisdom was 20 (limit:20).
 Your charisma was 12 (limit:18).

Final Status:
 You weren't hungry.
 You were unencumbered.
 You were wielding a mace.
 You had basic skill with mace.

Final Attributes:
 You were piously aligned.
 You were sleep resistant.
 You had infravision.
 You were warded.
 You are dead.

Miscellaneous:
 You didn't encounter any bones levels.
 Total elapsed playing time was 55 minutes and 5 seconds.

Major events:
 Turn
    1: Eymerich the chaotic elven Priest entered the dungeon
  969: attained the rank of Acolyte (level 3)
 2162: entered the Gnomish Mines
 2789: killed by a crossbow bolt

Spells:
 Name                 Level Category     Fail Retention
 detect monsters        1   divination     0%  76%-100%
 detect food            2   divination    56%  76%-100%

Skills:
 Fighting Skills
   bare handed combat [Unskilled]
 Weapon Skills
   club               [Unskilled]
   mace               [Basic]
   morning star       [Unskilled]
   flail              [Unskilled]
   hammer             [Unskilled]
   quarterstaff       [Unskilled]
   polearms           [Unskilled]
   spear              [Unskilled]
   trident            [Unskilled]
   lance              [Unskilled]
   bow                [Unskilled]
   sling              [Unskilled]
   crossbow           [Unskilled]
   dart               [Unskilled]
   shuriken           [Unskilled]
   boomerang          [Unskilled]
   unicorn horn       [Unskilled]
 Spellcasting Skills
   healing spells     [Unskilled]
   divination spells  [Unskilled]
   clerical spells    [Basic]

Voluntary challenges:
 Character rerolling was not enabled.
 You were illiterate.
 You never genocided any monsters.
 You never polymorphed an object.
 You never changed form.
 You used no wishes.
Achievements:
 You entered a shop.
 You attained the rank of Acolyte.
 You entered the Gnomish Mines.

 The Dungeons of Doom: levels 1 to 4
    Level 1: "vault"
    Level 2: "2 x locked box"
       An armor shop.
    Level 3: "empty chest"
       A fountain.
    Level 4:
       A sink.
       Stairs down to The Gnomish Mines.
 The Gnomish Mines:
    Level 5: <- You were here.
       Final resting place for
          you, killed by a crossbow bolt.


Vanquished creatures:
  a rock mole
  a shrieker
  a giant ant
  a little dog
  a kitten
  3 dwarves
  a giant bat
  3 iguanas
 an acid blob
  a coyote
  4 manes
  a large kobold
  3 giant rats
  a yellow mold
  4 geckos
  4 jackals
  2 goblins
  a sewer rat
  3 grid bugs
  a bat
  5 lichens
  a kobold zombie
  a newt
45 creatures vanquished.

No species were genocided or became extinct.

Game over:
                       ----------
                      /          \
                     /    REST    \
                    /      IN      \
                   /     PEACE      \
                  /                  \
                  |     Eymerich     |
                  |       0 Au       |
                  |   killed by a    |
                  |  crossbow bolt   |
                  |                  |
                  |                  |
                  |       2026       |
                 *|     *  *  *      | *
        _________)/\\_//(\/(/\)/\//\/|_)_______

Goodbye Eymerich the Priest...

You died in The Gnomish Mines on dungeon level 5 with 860 points,
and 0 pieces of gold, after 2789 moves.
You were level 5 with a maximum of 36 hit points when you died.

